Map: Kairos Junction LE

Players

MaNa - Winner!

  • Race: Protoss Protoss
  • Spawn Location: 11:00

Snute

  • Race: Zerg Zerg
  • Spawn Location: 5:00

Event: IEM Season 13: Katowice (2019)

VOD

Have the link to the VOD?

Description

Time

  • Played on: Feb. 25, 2019, 6:13 a.m.
  • Length: 9:36

All games in this series

Show
View Real Time Build Order
Export as new Build Order

MaNa Protoss - Winner!

Build Orders: 1 Gate Expand, Zealot Archon, Archon Drop, Dark Templar Rush 

Get SALT Encoding   

  12  0:00  Probe  
  13  0:12  Pylon  
  13  0:13  Probe  
  14  0:21  Probe  
  15  0:31  Probe  
  16  0:40  Gateway  
  16  0:43  Probe  
  17  0:50  Assimilator  
  17  0:56  Probe  
  18  1:08  Probe  
  19  1:20  Probe  
  20  1:27  Nexus  
  20  1:36  Cybernetics Core  
  20  1:39  Probe  
  21  1:46  Pylon  
  21  1:51  Probe  
  22  2:00  Assimilator  
  22  2:02  Adept  
  22  2:04  Probe  
  25  2:16  Probe  
  25  2:22  Warp Gate, Adept  
  26  2:28  Probe  
  29  2:37  Pylon  
  29  2:38  Probe  
  29  2:40  Probe  
  31  2:47  Twilight Council  
  31  2:50  Probe  
  32  2:52  Probe, Stalker  
  35  3:04  Probe, Robotics Facility  
  35  3:05  Probe  
  37  3:16  Probe  
  37  3:17  Probe  
  37  3:18  Gateway  
  39  3:30  Probe x2  
  39  3:31  Dark Shrine  
  41  3:42  Warp Prism  
  41  3:43  Probe x2  
  41  3:45  Gateway  
  41  3:46  Gateway  
  46  3:58  Pylon  
  46  4:01  Assimilator  
  45  4:03  Assimilator  
  45  4:05  Probe  
  46  4:16  Pylon, Probe  
  47  4:17  Probe  
  47  4:20  Warp Prism  
  48  4:28  Probe  
  48  4:29  Probe  
  52  4:40  Probe  
  53  4:46  Dark Templar x3  
  53  4:47  Dark Templar  
  61  4:57  Archon  
  61  5:02  Archon  
  61  5:07  Probe  
  62  5:08  Gateway  
  62  5:19  Pylon x2  
  62  5:37  Dark Templar x2, Probe x2  
  62  5:38  Dark Templar x2  
  68  5:44  Nexus  
  68  5:45  Pylon  
  68  5:49  Probe x2  
  68  5:53  Shield Battery  
  68  6:03  Dark Templar  
  70  6:09  Cybernetics Core  
  70  6:12  Zealot x2  
  73  6:36  Zealot x3  
  73  6:38  Charge  
  79  6:40  Immortal  
  79  6:41  Probe x2  
  79  6:44  Gateway  
  79  6:45  Gateway  
  85  6:54  Archon  
  85  6:55  Archon  
  85  7:00  Gateway  
  85  7:06  Zealot x2  
  89  7:19  Zealot  
  91  7:24  Robotics Facility  
  91  7:25  Pylon  
  91  7:27  Pylon  
  91  7:33  Nexus  
  91  7:34  Immortal  
  91  7:38  Pylon  
  91  7:43  Pylon  
  94  7:47  Sentry x2  
  98  7:57  Pylon  
  98  8:01  Forge  
  98  8:04  Dark Templar x4  
  98  8:05  Observer  
  106  8:06  Probe x2  
  106  8:09  Archon  
  106  8:10  Immortal  
  109  8:19  Stargate  
  113  8:26  Archon  
  113  8:30  Dark Templar, Zealot  
  117  8:34  Shield Battery  
  117  8:35  Photon Cannon  
  117  8:36  Probe x2  
  117  8:49  Probe x3  
  117  8:54  Oracle  
  117  8:55  Zealot x2  
  122  8:56  Zealot  
  122  8:57  Zealot  
  122  9:01  Probe  
  130  9:18  Zealot x5  
Show
View Real Time Build Order
Export as new Build Order

Snute Zerg 

Build Orders: Hatch First 

Get SALT Encoding   

  12  0:00  Drone  
  13  0:12  Overlord  
  13  0:16  Drone  
  14  0:30  Drone x2  
  14  0:34  Drone  
  17  0:44  Drone  
  18  0:55  Hatchery  
  17  0:57  Drone  
  18  1:05  Extractor  
  18  1:06  Drone  
  18  1:16  Spawning Pool  
  17  1:20  Drone  
  18  1:27  Drone  
  19  1:38  Overlord  
  19  1:49  Drone  
  20  1:59  Drone  
  21  2:02  Queen  
  21  2:05  Metabolic Boost  
  21  2:07  Queen  
  21  2:08  Drone  
  26  2:10  Drone  
  27  2:18  Zergling x2  
  27  2:22  Zergling x2  
  29  2:28  Drone  
  30  2:31  Drone  
  31  2:39  Overlord  
  31  2:40  Queen  
  33  2:45  Zergling x2  
  34  2:52  Zergling x2  
  34  2:56  Hatchery  
  34  2:59  Drone  
  34  3:01  Drone  
  36  3:07  Drone  
  36  3:11  Overlord  
  36  3:12  Drone  
  38  3:13  Drone  
  39  3:24  Zergling x4  
  39  3:25  Drone x3  
  42  3:30  Drone  
  42  3:33  Drone  
  44  3:38  Overlord  
  44  3:44  Drone, Spore Crawler  
  44  3:45  Spore Crawler  
  44  3:48  Drone  
  44  3:55  Drone  
  45  3:59  Drone  
  45  4:02  Drone x3  
  49  4:06  Drone  
  49  4:09  Drone  
  51  4:11  Zergling x2  
  51  4:12  Queen x2  
  56  4:19  Drone x2  
  56  4:20  Queen  
  56  4:22  Drone  
  56  4:24  Drone, Spore Crawler  
  60  4:25  Drone  
  60  4:28  Drone  
  60  4:29  Drone  
  64  4:35  Zergling x2  
  64  4:36  Zergling x2  
  64  4:37  Overlord  
  66  4:43  Overlord x2  
  66  4:45  Overlord  
  66  4:53  Lair  
  66  4:57  Zergling x14  
  70  5:05  Drone x3  
  70  5:06  Drone  
  72  5:10  Zergling x10  
  76  5:15  Overlord  
  76  5:19  Roach Warren  
  75  5:26  Drone x6  
  81  5:34  Drone x5, Roach Warren  
  81  5:35  Extractor  
  82  5:37  Extractor  
  82  5:39  Drone x3  
  82  5:43  Drone  
  79  5:53  Zergling x2  
  79  5:54  Zergling x10  
  79  5:55  Overseer  
  78  5:59  Roach x3  
  80  6:05  Overseer  
  80  6:08  Roach x3  
  86  6:15  Drone x2  
  81  6:21  Drone x3  
  81  6:22  Drone  
  81  6:25  Roach  
  85  6:26  Queen  
  85  6:27  Queen  
  81  6:36  Drone x2  
  78  6:43  Glial Reconstitution  
  78  6:45  Hatchery  
  78  6:46  Extractor  
  75  6:56  Roach x3  
  81  7:01  Zergling x2  
  81  7:02  Queen, Zergling x4  
  81  7:07  Roach x2  
  90  7:13  Roach  
  92  7:16  Overlord  
  92  7:22  Overlord  
  92  7:23  Overlord  
  92  7:36  Roach x4  
  99  7:44  Roach, Baneling Nest  
  99  7:45  Roach  
  100  7:57  Roach x5  
  100  7:58  Roach  
  111  8:01  Drone  
  111  8:02  Drone x2  
  114  8:06  Roach  
  114  8:08  Roach  
  114  8:12  Drone, Hatchery  
  118  8:15  Drone  
  118  8:16  Evolution Chamber  
  118  8:24  Extractor, Drone x3  
  118  8:27  Overlord x2  
  120  8:31  Pneumatized Carapace  
  120  8:38  Overlord  
  120  8:48  Roach x6  
  132  8:52  Baneling  
  132  8:59  Zergling x22  
  143  9:09  Hatchery  
  140  9:13  Roach x3  

Tags
 
Add a new tag
Caveats
  • Supply blocks, unpowered buildings, or Contaminate may cause inaccurate times.
  • Supply counts are checked every 10 seconds.